[ PARTIDA AOE2 · #466333045 ]
UnrankedBizantinos vs Japanese
[ ANÁLISIS DE REPETICIÓN · EXTRAÍDO DE LA PARTIDA GRABADA ]
Feudal
12:01
Castillos
18:38
Imperial
39:46
| APM promedio | 23.7 |
| APM pico | 54 |
| eAPM promedio | 16.2 |
| Aldeanos / militares | 118 / 218 |
Foco
⚔️ 30.5% · 🌾 69.5%
Skirmisher ×104 · Spearman ×80 · Camel Scout ×19 · Battering Ram ×5 · Scout Cavalry ×5 · Mangonel ×3
Feudal
12:46
Castillos
16:27
Imperial
32:42
| APM promedio | 20.5 |
| APM pico | 76 |
| eAPM promedio | 14.5 |
| Aldeanos / militares | 144 / 34 |
Foco
⚔️ 18.6% · 🌾 81.4%
Spearman ×26 · Samurai ×7 · Trebuchet (Packed) ×1
Feudal
12:42
Castillos
16:34
Imperial
31:10
| APM promedio | 32.2 |
| APM pico | 65 |
| eAPM promedio | 21.4 |
| Aldeanos / militares | 188 / 93 |
Foco
⚔️ 26.1% · 🌾 73.9%
Scout Cavalry ×69 · Bombard Cannon ×22 · Spearman ×2
Feudal
10:41
Castillos
14:12
Imperial
32:47
| APM promedio | 37.9 |
| APM pico | 84 |
| eAPM promedio | 21.6 |
| Aldeanos / militares | 185 / 12 |
Foco
⚔️ 32.3% · 🌾 67.7%
Unknown (1920) ×250 · Trebuchet (Packed) ×7 · Petard ×4 · Monk ×1
Feudal
12:47
Castillos
16:17
Imperial
32:41
| APM promedio | 24.8 |
| APM pico | 54 |
| eAPM promedio | 15.0 |
| Aldeanos / militares | 98 / 48 |
Foco
⚔️ 24.1% · 🌾 75.9%
Militia ×26 · Scorpion ×10 · Konnik ×5 · Battering Ram ×3 · Spearman ×2 · Trebuchet (Packed) ×2
Feudal
—
Castillos
—
Imperial
—
| APM promedio | 32.7 |
| APM pico | 60 |
| eAPM promedio | 18.4 |
| Aldeanos / militares | 60 / 112 |
Foco
⚔️ 30.4% · 🌾 69.6%
Longbowman ×48 · Skirmisher ×23 · Archer ×22 · Spearman ×12 · Militia ×4 · Monk ×3
Feudal
12:20
Castillos
15:02
Imperial
31:16
| APM promedio | 21.3 |
| APM pico | 54 |
| eAPM promedio | 11.8 |
| Aldeanos / militares | 248 / 272 |
Foco
⚔️ 26.1% · 🌾 73.9%
Scout Cavalry ×201 · Scorpion ×66 · Trebuchet (Packed) ×4 · Monk ×1
Feudal
10:18
Castillos
15:35
Imperial
37:55
| APM promedio | 27.0 |
| APM pico | 90 |
| eAPM promedio | 14.9 |
| Aldeanos / militares | 134 / 77 |
Foco
⚔️ 25.1% · 🌾 74.9%
Knight ×42 · Coustillier ×25 · Scout Cavalry ×7 · Trade Cart ×2 · Flemish Militia ×2 · Monk ×1
Mapa de la partida
Recursos iniciales + cada clic de construcción. Líneas = muros · curvas = relieve. ◆ oro · ⬟ piedra · ● bayas · ✦ reliquia · ◌ hueco del cierre
Inputs por minuto
— nicolunabustelo - - quiet_squirrel22
Build order — nicolunabustelo
Primeras 150 de 304 acciones detectadas
| 0:02 | Crear | Villager (Male) |
| 0:02 | Crear | Villager (Male) |
| 0:03 | Construir | House |
| 0:05 | Construir | House |
| 0:22 | Crear | Villager (Male) |
| 0:22 | Crear | Villager (Male) |
| 0:22 | Crear | Villager (Male) |
| 1:32 | Crear | Villager (Male) |
| 1:32 | Crear | Villager (Male) |
| 2:03 | Crear | Villager (Male) |
| 2:04 | Crear | Villager (Male) |
| 2:23 | Crear | Villager (Male) |
| 2:23 | Crear | Villager (Male) |
| 2:51 | Crear | Villager (Male) |
| 2:51 | Crear | Villager (Male) |
| 3:01 | Crear | Villager (Male) |
| 3:01 | Crear | Villager (Male) |
| 3:24 | Construir | House |
| 3:38 | Crear | Villager (Male) |
| 3:38 | Crear | Villager (Male) |
| 3:38 | Crear | Villager (Male) |
| 3:56 | Construir | Mill |
| 4:00 | Crear | Villager (Male) |
| 4:01 | Crear | Villager (Male) |
| 4:01 | Crear | Villager (Male) |
| 4:22 | Crear | Villager (Male) |
| 4:22 | Crear | Villager (Male) |
| 4:49 | Construir | Lumber Camp |
| 4:58 | Crear | Villager (Male) |
| 5:10 | Crear | Villager (Male) |
| 5:22 | Crear | Villager (Male) |
| 5:23 | Crear | Villager (Male) |
| 5:29 | Crear | Villager (Male) |
| 5:29 | Crear | Villager (Male) |
| 6:02 | Crear | Villager (Male) |
| 6:02 | Crear | Villager (Male) |
| 6:02 | Crear | Villager (Male) |
| 6:08 | Construir | House |
| 6:14 | Construir | House |
| 7:11 | Crear | Villager (Male) |
| 7:24 | Construir | House |
| 7:29 | Crear | Villager (Male) |
| 8:17 | Crear | Villager (Male) |
| 8:26 | Construir | Mining Camp |
| 8:41 | Crear | Villager (Male) |
| 9:51 | Investigar | Feudal Age |
| 10:12 | Construir | Lumber Camp |
| 10:29 | Construir | Farm |
| 10:30 | Construir | Farm |
| 10:30 | Construir | Farm |
| 10:31 | Construir | Farm |
| 10:31 | Construir | Farm |
| 10:31 | Construir | Farm |
| 10:31 | Construir | Farm |
| 10:55 | Construir | Farm |
| 11:47 | Crear | Villager (Male) |
| 11:49 | Crear | Villager (Male) |
| 12:01 | Edad | Edad Feudal |
| 12:25 | Crear | Villager (Male) |
| 12:35 | Investigar | Double-Bit Axe |
| 12:40 | Investigar | Horse Collar |
| 13:00 | Construir | Farm |
| 13:03 | Crear | Villager (Male) |
| 13:11 | Construir | Blacksmith |
| 13:23 | Construir | Market |
| 13:31 | Construir | Farm |
| 13:34 | Crear | Villager (Male) |
| 13:57 | Crear | Villager (Male) |
| 14:02 | Construir | Farm |
| 14:12 | Construir | House |
| 14:15 | Construir | House |
| 14:18 | Crear | Villager (Male) |
| 14:37 | Construir | Barracks |
| 15:33 | Crear | Villager (Male) |
| 15:42 | Construir | Farm |
| 15:55 | Investigar | Castle Age |
| 16:01 | Construir | Archery Range |
| 16:10 | Construir | Archery Range |
| 16:12 | Crear | Spearman |
| 16:14 | Crear | Spearman |
| 16:36 | Construir | Mining Camp |
| 16:46 | Crear | Spearman |
| 16:50 | Crear | Spearman |
| 16:55 | Investigar | Scale Mail Armor |
| 17:01 | Crear | Skirmisher |
| 17:16 | Crear | Skirmisher |
| 17:17 | Crear | Skirmisher |
| 17:29 | Construir | Stable |
| 17:32 | Crear | Skirmisher |
| 17:34 | Crear | Skirmisher |
| 17:35 | Crear | Spearman |
| 17:39 | Crear | Spearman |
| 17:40 | Crear | Skirmisher |
| 18:04 | Construir | Watch Tower |
| 18:20 | Construir | House |
| 18:21 | Construir | House |
| 18:23 | Construir | House |
| 18:27 | Crear | Villager (Male) ×4 |
| 18:38 | Edad | Edad de los Castillos |
| 18:48 | Construir | House |
| 18:53 | Construir | House |
| 20:08 | Construir | Town Center |
| 20:12 | Crear | Villager (Male) |
| 20:12 | Crear | Villager (Male) |
| 20:22 | Construir | House |
| 20:23 | Construir | House |
| 20:25 | Construir | House |
| 20:29 | Investigar | Elite Skirmisher (upgrade) |
| 20:32 | Investigar | Pikeman (upgrade) |
| 20:53 | Crear | Villager (Male) |
| 20:53 | Crear | Villager (Male) |
| 21:13 | Construir | Siege Workshop |
| 21:38 | Crear | Villager (Male) ×5 |
| 21:44 | Construir | Farm |
| 21:45 | Construir | Farm |
| 21:45 | Construir | Farm |
| 22:23 | Crear | Camel Scout |
| 22:24 | Crear | Camel Scout |
| 22:33 | Crear | Villager (Male) |
| 22:37 | Crear | Villager (Male) |
| 22:37 | Crear | Villager (Male) |
| 22:39 | Construir | Farm |
| 22:43 | Construir | Farm |
| 22:46 | Construir | Farm |
| 22:50 | Crear | Battering Ram |
| 22:56 | Investigar | Man-at-Arms (upgrade) |
| 23:01 | Crear | Villager (Male) |
| 23:01 | Crear | Villager (Male) |
| 23:01 | Crear | Villager (Male) |
| 23:02 | Crear | Villager (Male) |
| 23:10 | Construir | Farm |
| 23:14 | Construir | Farm |
| 23:42 | Crear | Skirmisher |
| 23:44 | Crear | Skirmisher |
| 23:53 | Investigar | Man-at-Arms (upgrade) |
| 24:25 | Construir | Town Center |
| 24:28 | Crear | Villager (Male) |
| 24:28 | Crear | Villager (Male) |
| 24:29 | Crear | Villager (Male) |
| 24:32 | Crear | Villager (Male) |
| 24:38 | Construir | Farm |
| 24:39 | Construir | Farm |
| 24:42 | Crear | Villager (Male) ×4 |
| 24:54 | Crear | Battering Ram |
| 25:26 | Crear | Villager (Male) |
| 25:26 | Crear | Villager (Male) |
| 25:26 | Crear | Villager (Male) |
| 25:27 | Crear | Villager (Male) |
| 25:27 | Crear | Villager (Male) |
| 25:27 | Crear | Villager (Male) |
Build order — quiet_squirrel22
Primeras 150 de 332 acciones detectadas
| 0:01 | Crear | Villager (Male) |
| 0:01 | Crear | Villager (Male) |
| 0:02 | Crear | Villager (Male) |
| 0:03 | Construir | House |
| 0:04 | Construir | House |
| 0:23 | Crear | Villager (Male) |
| 0:23 | Crear | Villager (Male) |
| 1:28 | Crear | Villager (Male) |
| 1:28 | Crear | Villager (Male) |
| 1:44 | Construir | Lumber Camp |
| 2:02 | Crear | Villager (Male) |
| 2:03 | Crear | Villager (Male) |
| 2:27 | Crear | Villager (Male) |
| 2:35 | Construir | House |
| 2:37 | Construir | House |
| 2:56 | Crear | Villager (Male) |
| 3:10 | Crear | Villager (Male) |
| 3:52 | Construir | House |
| 3:54 | Construir | House |
| 4:04 | Crear | Villager (Male) |
| 4:04 | Crear | Villager (Male) |
| 4:45 | Crear | Villager (Male) |
| 4:46 | Crear | Villager (Male) |
| 4:46 | Crear | Villager (Male) |
| 4:56 | Crear | Villager (Male) |
| 4:57 | Crear | Villager (Male) |
| 5:55 | Construir | Mill |
| 6:14 | Crear | Villager (Male) |
| 6:14 | Crear | Villager (Male) |
| 6:14 | Crear | Villager (Male) |
| 6:14 | Crear | Villager (Male) |
| 6:15 | Crear | Villager (Male) |
| 6:34 | Crear | Villager (Male) |
| 7:16 | Construir | Mill |
| 7:21 | Crear | Villager (Male) |
| 7:22 | Crear | Villager (Male) |
| 7:42 | Crear | Villager (Male) |
| 8:10 | Construir | Mining Camp |
| 8:59 | Construir | Mining Camp |
| 9:03 | Crear | Villager (Male) |
| 9:55 | Construir | Barracks |
| 10:02 | Investigar | Loom |
| 10:02 | Investigar | Feudal Age |
| 10:19 | Construir | Farm |
| 10:24 | Construir | Farm |
| 11:24 | Crear | Villager (Male) |
| 11:24 | Crear | Villager (Male) |
| 11:48 | Construir | Farm |
| 12:27 | Construir | Farm |
| 12:46 | Edad | Edad Feudal |
| 12:47 | Construir | Blacksmith |
| 12:57 | Construir | Market |
| 13:22 | Investigar | Double-Bit Axe |
| 13:37 | Crear | Villager (Male) |
| 13:46 | Investigar | Horse Collar |
| 13:47 | Investigar | Castle Age |
| 13:57 | Crear | Spearman |
| 14:18 | Crear | Spearman |
| 14:26 | Construir | Farm |
| 15:44 | Construir | Mining Camp |
| 15:58 | Construir | House |
| 16:01 | Crear | Villager (Male) |
| 16:17 | Crear | Villager (Male) |
| 16:27 | Edad | Edad de los Castillos |
| 16:36 | Construir | Castle |
| 16:45 | Crear | Villager (Male) |
| 16:54 | Investigar | Heavy Plow |
| 16:56 | Investigar | Bow Saw |
| 17:18 | Construir | Farm |
| 17:21 | Construir | Farm |
| 17:23 | Crear | Villager (Male) |
| 17:55 | Construir | Town Center |
| 18:10 | Crear | Villager (Male) |
| 18:14 | Crear | Villager (Male) |
| 18:28 | Investigar | Gold Mining |
| 18:47 | Crear | Villager (Male) |
| 18:50 | Construir | Farm |
| 18:52 | Construir | Farm |
| 18:57 | Crear | Villager (Male) |
| 18:57 | Crear | Villager (Male) |
| 19:08 | Construir | Farm |
| 19:10 | Construir | Farm |
| 19:13 | Construir | Farm |
| 19:19 | Crear | Villager (Male) |
| 19:36 | Construir | Farm |
| 19:37 | Crear | Villager (Male) |
| 19:45 | Crear | Villager (Male) |
| 19:45 | Crear | Villager (Male) |
| 20:07 | Construir | Watch Tower |
| 20:15 | Crear | Villager (Male) |
| 20:15 | Crear | Villager (Male) |
| 20:15 | Crear | Villager (Male) |
| 20:20 | Construir | Farm |
| 20:24 | Construir | Farm |
| 20:24 | Construir | Farm |
| 20:24 | Construir | Farm |
| 20:25 | Construir | Farm |
| 20:25 | Construir | Farm |
| 20:33 | Crear | Villager (Male) |
| 20:33 | Crear | Villager (Male) |
| 20:34 | Construir | Farm |
| 20:42 | Crear | Villager (Male) |
| 20:42 | Crear | Villager (Male) |
| 21:03 | Crear | Villager (Male) |
| 21:04 | Crear | Villager (Male) |
| 21:23 | Construir | Town Center |
| 21:29 | Crear | Villager (Male) |
| 21:29 | Crear | Villager (Male) |
| 21:40 | Crear | Villager (Male) |
| 21:55 | Investigar | Wheelbarrow |
| 22:08 | Investigar | Wheelbarrow |
| 22:08 | Crear | Villager (Male) |
| 22:09 | Crear | Villager (Male) |
| 22:09 | Crear | Villager (Male) |
| 22:25 | Construir | Farm |
| 22:30 | Construir | Farm |
| 22:30 | Construir | Farm |
| 22:31 | Construir | Farm |
| 22:31 | Construir | Farm |
| 22:31 | Construir | Farm |
| 22:31 | Construir | Farm |
| 22:42 | Crear | Villager (Male) |
| 22:42 | Crear | Villager (Male) |
| 22:43 | Crear | Villager (Male) |
| 22:47 | Crear | Villager (Male) |
| 22:48 | Crear | Villager (Male) |
| 22:48 | Crear | Villager (Male) |
| 22:48 | Crear | Villager (Male) |
| 23:01 | Crear | Villager (Male) |
| 23:01 | Crear | Villager (Male) |
| 23:01 | Crear | Villager (Male) |
| 23:02 | Crear | Villager (Male) |
| 23:09 | Construir | Farm |
| 23:09 | Construir | Farm |
| 23:09 | Construir | Farm |
| 23:09 | Construir | Farm |
| 23:10 | Construir | Farm |
| 23:18 | Crear | Villager (Male) |
| 23:18 | Crear | Villager (Male) |
| 23:25 | Construir | Mining Camp |
| 23:31 | Investigar | Gold Mining |
| 23:36 | Crear | Villager (Male) |
| 23:59 | Crear | Villager (Male) |
| 23:59 | Crear | Villager (Male) |
| 24:05 | Construir | Farm |
| 24:06 | Construir | Farm |
| 24:06 | Construir | Farm |
| 24:11 | Crear | Villager (Male) |
| 24:11 | Crear | Villager (Male) |
| 24:31 | Crear | Villager (Male) |
Build order — Jeandecorrouge
Primeras 150 de 469 acciones detectadas
| 0:01 | Crear | Villager (Male) |
| 0:01 | Crear | Villager (Male) |
| 0:01 | Crear | Villager (Male) |
| 0:02 | Construir | House |
| 0:04 | Construir | House |
| 0:33 | Crear | Villager (Male) |
| 0:33 | Crear | Villager (Male) |
| 0:33 | Crear | Villager (Male) |
| 1:24 | Crear | Villager (Male) |
| 1:24 | Crear | Villager (Male) |
| 1:25 | Crear | Villager (Male) |
| 1:45 | Construir | Lumber Camp |
| 1:57 | Crear | Villager (Male) |
| 1:58 | Crear | Villager (Male) |
| 1:58 | Crear | Villager (Male) |
| 2:03 | Crear | Villager (Male) |
| 2:03 | Crear | Villager (Male) |
| 2:03 | Crear | Villager (Male) |
| 2:49 | Crear | Villager (Male) |
| 2:50 | Crear | Villager (Male) |
| 2:50 | Crear | Villager (Male) |
| 3:05 | Crear | Villager (Male) |
| 3:06 | Crear | Villager (Male) |
| 3:06 | Crear | Villager (Male) |
| 3:26 | Crear | Villager (Male) |
| 3:26 | Crear | Villager (Male) |
| 3:35 | Construir | Mill |
| 3:52 | Crear | Villager (Male) |
| 3:52 | Crear | Villager (Male) |
| 4:06 | Construir | House |
| 4:17 | Crear | Villager (Male) |
| 4:18 | Crear | Villager (Male) |
| 5:06 | Crear | Villager (Male) |
| 5:06 | Crear | Villager (Male) |
| 5:06 | Crear | Villager (Male) |
| 5:22 | Construir | House |
| 5:27 | Crear | Villager (Male) |
| 5:27 | Crear | Villager (Male) |
| 5:48 | Crear | Villager (Male) |
| 5:59 | Crear | Villager (Male) |
| 5:59 | Crear | Villager (Male) |
| 6:29 | Crear | Villager (Male) |
| 6:30 | Crear | Villager (Male) |
| 6:48 | Crear | Villager (Male) |
| 7:02 | Crear | Villager (Male) |
| 7:02 | Crear | Villager (Male) |
| 7:44 | Construir | Mining Camp |
| 7:45 | Crear | Villager (Male) |
| 7:45 | Crear | Villager (Male) |
| 8:16 | Crear | Villager (Male) |
| 8:22 | Construir | House |
| 8:33 | Construir | Farm |
| 8:39 | Construir | Farm |
| 8:43 | Construir | Farm |
| 9:42 | Crear | Villager (Male) |
| 9:58 | Investigar | Feudal Age |
| 9:59 | Investigar | Loom |
| 10:23 | Construir | Farm |
| 12:42 | Edad | Edad Feudal |
| 12:48 | Construir | Blacksmith |
| 12:49 | Construir | Market |
| 12:58 | Crear | Villager (Male) |
| 13:00 | Investigar | Double-Bit Axe |
| 13:34 | Crear | Villager (Male) |
| 13:52 | Investigar | Castle Age |
| 14:05 | Construir | Farm |
| 14:07 | Investigar | Horse Collar |
| 14:11 | Investigar | Gold Mining |
| 14:11 | Investigar | Stone Mining |
| 15:06 | Crear | Villager (Male) |
| 15:22 | Construir | Mining Camp |
| 15:49 | Construir | Barracks |
| 15:52 | Construir | House |
| 15:53 | Construir | House |
| 15:55 | Construir | House |
| 16:18 | Construir | Farm |
| 16:20 | Construir | Farm |
| 16:22 | Construir | Farm |
| 16:24 | Construir | Farm |
| 16:34 | Edad | Edad de los Castillos |
| 16:37 | Construir | Town Center |
| 16:44 | Construir | Town Center |
| 17:26 | Crear | Villager (Male) |
| 17:26 | Crear | Villager (Male) |
| 17:29 | Investigar | Bow Saw |
| 17:32 | Crear | Spearman |
| 17:38 | Construir | Town Center |
| 17:42 | Crear | Spearman |
| 17:52 | Crear | Villager (Male) |
| 17:52 | Crear | Villager (Male) |
| 18:06 | Crear | Villager (Male) |
| 18:08 | Crear | Villager (Male) |
| 18:08 | Crear | Villager (Male) |
| 18:24 | Construir | Farm |
| 18:34 | Crear | Villager (Male) |
| 18:35 | Crear | Villager (Male) |
| 18:47 | Crear | Villager (Male) |
| 18:50 | Construir | Farm |
| 18:55 | Crear | Villager (Male) |
| 18:56 | Crear | Villager (Male) |
| 18:56 | Crear | Villager (Male) |
| 19:09 | Construir | Stable |
| 19:23 | Crear | Villager (Male) |
| 19:23 | Crear | Villager (Male) |
| 19:24 | Crear | Villager (Male) |
| 19:24 | Crear | Villager (Male) |
| 19:34 | Construir | House |
| 19:35 | Construir | House |
| 19:36 | Construir | House |
| 19:39 | Construir | Palisade Wall |
| 19:41 | Construir | Palisade Wall |
| 19:45 | Construir | House |
| 19:47 | Construir | House |
| 19:53 | Construir | Farm |
| 19:53 | Crear | Villager (Male) |
| 19:53 | Crear | Villager (Male) |
| 19:54 | Crear | Villager (Male) |
| 19:54 | Crear | Villager (Male) |
| 20:04 | Construir | Palisade Wall |
| 20:14 | Crear | Villager (Male) |
| 20:14 | Crear | Villager (Male) |
| 20:15 | Crear | Villager (Male) |
| 20:25 | Crear | Villager (Male) |
| 20:30 | Crear | Scout Cavalry |
| 20:35 | Construir | Farm |
| 20:39 | Construir | Farm |
| 20:39 | Construir | Farm |
| 20:39 | Construir | Farm |
| 20:39 | Construir | Farm |
| 20:40 | Construir | Farm |
| 20:40 | Construir | Farm |
| 20:40 | Construir | Farm |
| 20:40 | Construir | Farm |
| 20:40 | Construir | Farm |
| 20:41 | Construir | Farm |
| 20:41 | Construir | Farm |
| 20:55 | Crear | Villager (Male) |
| 20:55 | Crear | Villager (Male) |
| 20:55 | Crear | Villager (Male) |
| 20:58 | Construir | Farm |
| 21:27 | Crear | Villager (Male) |
| 21:27 | Crear | Villager (Male) |
| 21:47 | Construir | House |
| 21:48 | Construir | House |
| 21:49 | Construir | House |
| 21:50 | Crear | Villager (Male) |
| 21:50 | Crear | Villager (Male) |
| 21:50 | Crear | Villager (Male) |
| 21:50 | Crear | Villager (Male) |
| 21:50 | Crear | Villager (Male) |
Build order — bilobedbeast101
Primeras 150 de 326 acciones detectadas
| 0:00 | Crear | Villager (Male) |
| 0:02 | Construir | House |
| 0:03 | Construir | House |
| 0:03 | Crear | Villager (Male) |
| 0:06 | Crear | Villager (Male) |
| 0:07 | Crear | Villager (Male) |
| 0:07 | Crear | Villager (Male) |
| 1:24 | Crear | Villager (Male) |
| 1:24 | Crear | Villager (Male) |
| 1:48 | Crear | Villager (Male) |
| 1:51 | Construir | Lumber Camp |
| 2:08 | Crear | Villager (Male) |
| 2:08 | Crear | Villager (Male) |
| 2:31 | Crear | Villager (Male) |
| 3:08 | Crear | Villager (Male) |
| 3:10 | Crear | Villager (Male) |
| 3:10 | Crear | Villager (Male) |
| 3:23 | Construir | House |
| 3:59 | Construir | Mill |
| 4:07 | Crear | Villager (Male) |
| 4:08 | Crear | Villager (Male) |
| 4:30 | Crear | Villager (Male) |
| 5:00 | Crear | Villager (Male) |
| 5:01 | Crear | Villager (Male) |
| 5:01 | Crear | Villager (Male) |
| 5:11 | Construir | Pasture |
| 5:29 | Crear | Villager (Male) |
| 5:29 | Crear | Villager (Male) |
| 5:47 | Construir | House |
| 5:56 | Crear | Villager (Male) |
| 5:57 | Crear | Villager (Male) |
| 5:57 | Crear | Villager (Male) |
| 6:42 | Construir | House |
| 6:51 | Crear | Villager (Male) |
| 6:56 | Construir | Pasture |
| 8:31 | Investigar | Feudal Age |
| 9:08 | Construir | House |
| 9:20 | Construir | Palisade Wall |
| 9:22 | Construir | Palisade Wall |
| 9:26 | Construir | Palisade Wall |
| 9:28 | Construir | Palisade Wall |
| 9:29 | Construir | Palisade Wall |
| 9:29 | Construir | Palisade Wall |
| 10:22 | Crear | Villager (Male) |
| 10:22 | Crear | Villager (Male) |
| 10:41 | Edad | Edad Feudal |
| 10:43 | Construir | Blacksmith |
| 10:45 | Construir | Market |
| 10:58 | Investigar | Double-Bit Axe |
| 11:32 | Investigar | Castle Age |
| 11:32 | Investigar | Castle Age |
| 11:45 | Investigar | Tech 1014 |
| 13:17 | Construir | Pasture |
| 13:18 | Construir | Pasture |
| 14:12 | Edad | Edad de los Castillos |
| 14:15 | Construir | Town Center |
| 14:15 | Crear | Villager (Male) |
| 14:18 | Construir | Town Center |
| 14:26 | Crear | Villager (Male) |
| 14:27 | Investigar | Bow Saw |
| 14:41 | Crear | Villager (Male) |
| 14:42 | Construir | Pasture |
| 14:57 | Crear | Villager (Male) |
| 15:10 | Construir | Pasture |
| 15:15 | Crear | Villager (Male) |
| 15:36 | Construir | Pasture |
| 15:49 | Crear | Villager (Male) |
| 15:52 | Construir | Pasture |
| 15:55 | Crear | Villager (Male) |
| 15:57 | Crear | Villager (Male) |
| 16:04 | Crear | Villager (Male) ×4 |
| 16:14 | Construir | Pasture |
| 16:25 | Construir | House |
| 16:29 | Crear | Villager (Male) |
| 16:29 | Crear | Villager (Male) |
| 16:34 | Construir | Pasture |
| 16:46 | Crear | Villager (Male) |
| 16:46 | Crear | Villager (Male) |
| 16:51 | Construir | Pasture |
| 17:00 | Construir | Pasture |
| 17:02 | Crear | Villager (Male) |
| 17:12 | Construir | Pasture |
| 17:14 | Crear | Villager (Male) |
| 17:14 | Crear | Villager (Male) |
| 17:18 | Construir | House |
| 17:25 | Crear | Villager (Male) |
| 17:30 | Construir | Pasture |
| 17:44 | Construir | Pasture |
| 17:46 | Crear | Villager (Male) |
| 17:46 | Crear | Villager (Male) |
| 17:51 | Construir | House |
| 17:53 | Crear | Villager (Male) |
| 17:53 | Crear | Villager (Male) |
| 17:58 | Construir | Pasture |
| 18:03 | Crear | Villager (Male) |
| 18:08 | Construir | Pasture |
| 18:11 | Crear | Villager (Male) |
| 18:16 | Construir | House |
| 18:23 | Construir | Pasture |
| 18:26 | Crear | Villager (Male) |
| 18:26 | Crear | Villager (Male) |
| 18:31 | Crear | Villager (Male) |
| 18:38 | Construir | Pasture |
| 18:39 | Crear | Villager (Male) |
| 18:47 | Construir | House |
| 18:49 | Crear | Villager (Male) |
| 18:58 | Crear | Villager (Male) |
| 19:04 | Crear | Villager (Male) |
| 19:04 | Crear | Villager (Male) |
| 19:13 | Crear | Villager (Male) |
| 19:13 | Crear | Villager (Male) |
| 19:17 | Construir | House |
| 19:21 | Crear | Villager (Male) |
| 19:21 | Crear | Villager (Male) |
| 19:28 | Construir | Pasture |
| 19:30 | Construir | Pasture |
| 19:37 | Crear | Villager (Male) ×2 |
| 19:44 | Crear | Villager (Male) |
| 19:50 | Crear | Villager (Male) |
| 19:50 | Crear | Villager (Male) |
| 19:54 | Crear | Villager (Male) |
| 19:59 | Construir | Town Center |
| 20:02 | Crear | Villager (Male) |
| 20:07 | Investigar | Tech 1013 |
| 20:10 | Crear | Villager (Male) |
| 20:11 | Crear | Villager (Male) |
| 20:16 | Construir | Pasture |
| 20:20 | Construir | Pasture |
| 20:22 | Crear | Villager (Male) ×2 |
| 20:22 | Crear | Villager (Male) ×2 |
| 20:27 | Construir | House |
| 20:28 | Construir | House |
| 20:32 | Crear | Villager (Male) |
| 20:38 | Construir | Pasture |
| 20:43 | Construir | Lumber Camp |
| 20:51 | Crear | Villager (Male) ×3 |
| 20:51 | Crear | Villager (Male) ×3 |
| 20:56 | Crear | Villager (Male) |
| 21:04 | Construir | Pasture |
| 21:09 | Crear | Villager (Male) ×2 |
| 21:09 | Crear | Villager (Male) ×2 |
| 21:17 | Investigar | Wheelbarrow |
| 21:18 | Crear | Villager (Male) |
| 21:19 | Crear | Villager (Male) |
| 21:24 | Construir | House |
| 21:29 | Construir | Pasture |
| 21:30 | Construir | Pasture |
| 21:38 | Construir | House |
| 21:43 | Construir | Pasture |
| 21:54 | Crear | Villager (Male) ×5 |
Build order — agusslunn
Primeras 150 de 241 acciones detectadas
| 0:01 | Crear | Villager (Male) |
| 0:01 | Crear | Villager (Male) |
| 0:03 | Construir | House |
| 0:05 | Construir | House |
| 0:27 | Crear | Villager (Male) |
| 0:27 | Crear | Villager (Male) |
| 1:26 | Crear | Villager (Male) |
| 1:26 | Crear | Villager (Male) |
| 2:08 | Crear | Villager (Male) |
| 2:08 | Crear | Villager (Male) |
| 2:23 | Crear | Villager (Male) |
| 2:23 | Crear | Villager (Male) |
| 2:41 | Construir | Lumber Camp |
| 2:52 | Crear | Villager (Male) |
| 2:53 | Crear | Villager (Male) |
| 3:12 | Crear | Villager (Male) |
| 3:12 | Crear | Villager (Male) |
| 3:41 | Crear | Villager (Male) |
| 3:41 | Crear | Villager (Male) |
| 4:23 | Crear | Villager (Male) |
| 4:24 | Crear | Villager (Male) |
| 4:43 | Construir | House |
| 4:47 | Investigar | Loom |
| 4:48 | Crear | Villager (Male) |
| 4:48 | Crear | Villager (Male) |
| 5:05 | Construir | House |
| 5:13 | Crear | Villager (Male) |
| 5:13 | Crear | Villager (Male) |
| 6:02 | Crear | Villager (Male) |
| 6:10 | Construir | Mill |
| 6:15 | Crear | Villager (Male) |
| 6:32 | Crear | Villager (Male) |
| 6:33 | Crear | Villager (Male) |
| 7:11 | Crear | Villager (Male) |
| 7:38 | Crear | Villager (Male) |
| 8:02 | Construir | House |
| 8:15 | Crear | Villager (Male) |
| 9:06 | Crear | Villager (Male) |
| 9:06 | Crear | Villager (Male) |
| 10:23 | Investigar | Feudal Age |
| 10:38 | Construir | Mining Camp |
| 11:26 | Crear | Villager (Male) |
| 11:26 | Crear | Villager (Male) |
| 12:47 | Edad | Edad Feudal |
| 12:53 | Construir | Market |
| 12:59 | Construir | Blacksmith |
| 13:26 | Investigar | Castle Age |
| 13:41 | Investigar | Double-Bit Axe |
| 13:43 | Investigar | Horse Collar |
| 13:58 | Construir | Farm |
| 13:58 | Construir | Farm |
| 13:59 | Construir | Farm |
| 13:59 | Construir | Farm |
| 13:59 | Construir | Farm |
| 14:00 | Construir | Farm |
| 14:00 | Construir | Farm |
| 14:15 | Construir | Farm |
| 14:16 | Construir | Farm |
| 15:01 | Construir | Mining Camp |
| 15:13 | Investigar | Stone Mining |
| 15:25 | Construir | House |
| 15:26 | Construir | House |
| 16:17 | Edad | Edad de los Castillos |
| 16:25 | Construir | Town Center |
| 16:35 | Crear | Villager (Male) |
| 16:36 | Crear | Villager (Male) |
| 16:36 | Crear | Villager (Male) |
| 17:06 | Crear | Villager (Male) |
| 17:06 | Crear | Villager (Male) |
| 17:14 | Construir | Farm |
| 17:15 | Construir | Farm |
| 17:15 | Construir | Farm |
| 17:51 | Construir | Barracks |
| 17:55 | Crear | Villager (Male) |
| 17:57 | Crear | Villager (Male) |
| 17:57 | Crear | Villager (Male) |
| 18:08 | Crear | Villager (Male) |
| 18:19 | Crear | Villager (Male) |
| 18:26 | Investigar | Wheelbarrow |
| 18:34 | Crear | Villager (Male) |
| 18:46 | Crear | Militia |
| 18:47 | Crear | Militia |
| 18:58 | Construir | Farm |
| 18:59 | Construir | Farm |
| 19:00 | Construir | Farm |
| 19:14 | Construir | Mill |
| 19:15 | Construir | Farm |
| 19:15 | Construir | Farm |
| 19:16 | Construir | Farm |
| 19:17 | Construir | Farm |
| 19:18 | Construir | Farm |
| 19:24 | Crear | Militia |
| 19:32 | Crear | Militia |
| 19:46 | Crear | Militia |
| 19:48 | Crear | Villager (Male) |
| 19:49 | Crear | Villager (Male) |
| 19:50 | Crear | Villager (Male) |
| 20:02 | Construir | Farm |
| 20:02 | Construir | Farm |
| 20:03 | Construir | Farm |
| 20:05 | Construir | Farm |
| 20:18 | Crear | Villager (Male) |
| 20:27 | Construir | House |
| 20:28 | Construir | House |
| 20:29 | Construir | House |
| 20:30 | Construir | House |
| 20:33 | Construir | House |
| 20:35 | Construir | House |
| 20:36 | Crear | Villager (Male) |
| 20:36 | Crear | Villager (Male) |
| 20:36 | Crear | Villager (Male) |
| 20:44 | Investigar | Town Watch |
| 20:52 | Crear | Villager (Male) |
| 20:52 | Crear | Villager (Male) |
| 21:05 | Investigar | Hand Cart |
| 21:06 | Crear | Villager (Male) |
| 21:06 | Crear | Villager (Male) |
| 21:13 | Crear | Villager (Male) |
| 21:14 | Crear | Villager (Male) |
| 21:52 | Construir | Barracks |
| 21:57 | Crear | Villager (Male) |
| 21:57 | Crear | Villager (Male) |
| 21:58 | Crear | Villager (Male) |
| 22:09 | Investigar | Bow Saw |
| 22:14 | Crear | Villager (Male) |
| 22:15 | Crear | Villager (Male) |
| 22:34 | Construir | Siege Workshop |
| 22:39 | Crear | Militia |
| 22:39 | Crear | Militia |
| 22:40 | Crear | Militia |
| 22:53 | Construir | Castle |
| 23:00 | Crear | Villager (Male) |
| 23:00 | Crear | Villager (Male) |
| 23:02 | Crear | Villager (Male) |
| 23:23 | Investigar | Forging |
| 23:31 | Crear | Battering Ram |
| 23:31 | Crear | Battering Ram |
| 23:37 | Crear | Villager (Male) |
| 23:39 | Crear | Villager (Male) |
| 23:39 | Crear | Villager (Male) |
| 23:50 | Construir | Farm |
| 23:51 | Construir | Farm |
| 24:07 | Investigar | Gold Mining |
| 24:09 | Crear | Villager (Male) |
| 24:11 | Crear | Villager (Male) |
| 24:11 | Crear | Villager (Male) |
| 24:11 | Crear | Villager (Male) |
| 24:13 | Crear | Villager (Male) |
| 24:13 | Crear | Villager (Male) |
| 24:31 | Crear | Battering Ram |
Build order — REYJAGUAR4660
Primeras 150 de 275 acciones detectadas
| 0:04 | Crear | Villager (Male) |
| 0:04 | Crear | Villager (Male) |
| 0:04 | Crear | Villager (Male) |
| 0:08 | Construir | House |
| 0:15 | Construir | House |
| 0:41 | Crear | Villager (Male) |
| 0:41 | Crear | Villager (Male) |
| 1:29 | Crear | Villager (Male) |
| 2:03 | Crear | Villager (Male) |
| 2:40 | Crear | Villager (Male) |
| 2:41 | Crear | Villager (Male) |
| 2:41 | Crear | Villager (Male) |
| 2:48 | Construir | House |
| 2:53 | Construir | House |
| 3:08 | Crear | Villager (Male) |
| 3:17 | Construir | House |
| 3:19 | Construir | House |
| 3:33 | Crear | Villager (Male) |
| 4:02 | Crear | Villager (Male) |
| 4:12 | Construir | Lumber Camp |
| 4:29 | Investigar | Loom |
| 4:33 | Crear | Villager (Male) |
| 4:45 | Construir | House |
| 4:49 | Investigar | Loom |
| 5:48 | Crear | Villager (Male) |
| 5:48 | Crear | Villager (Male) |
| 5:48 | Crear | Villager (Male) |
| 6:15 | Construir | Mill |
| 6:41 | Crear | Villager (Male) |
| 6:55 | Construir | Mill |
| 7:17 | Construir | House |
| 7:19 | Construir | House |
| 7:24 | Crear | Villager (Male) |
| 7:47 | Crear | Villager (Male) |
| 8:03 | Investigar | Feudal Age |
| 8:21 | Construir | House |
| 8:22 | Construir | House |
| 8:57 | Construir | Mining Camp |
| 9:18 | Construir | House |
| 9:33 | Construir | House |
| 9:50 | Crear | Villager (Male) |
| 9:51 | Crear | Villager (Male) |
| 9:54 | Crear | Villager (Male) |
| 9:54 | Crear | Villager (Male) |
| 10:16 | Investigar | Horse Collar |
| 10:21 | Investigar | Double-Bit Axe |
| 10:41 | Investigar | Town Watch |
| 10:47 | Investigar | Gold Mining |
| 11:12 | Crear | Villager (Male) |
| 11:15 | Investigar | Town Watch |
| 11:40 | Construir | Mining Camp |
| 11:57 | Investigar | Stone Mining |
| 12:45 | Crear | Villager (Male) |
| 12:52 | Construir | Barracks |
| 13:12 | Construir | Farm |
| 13:16 | Crear | Villager (Male) |
| 13:16 | Crear | Villager (Male) |
| 13:30 | Crear | Villager (Male) |
| 13:50 | Crear | Spearman |
| 13:50 | Crear | Spearman |
| 13:52 | Crear | Spearman |
| 13:58 | Construir | Farm |
| 14:09 | Crear | Villager (Male) |
| 14:15 | Construir | Farm |
| 14:37 | Crear | Spearman |
| 15:10 | Construir | Archery Range |
| 15:15 | Construir | Farm |
| 15:16 | Crear | Villager (Male) |
| 15:16 | Crear | Villager (Male) |
| 15:43 | Construir | Lumber Camp |
| 15:50 | Crear | Villager (Male) |
| 16:12 | Construir | Market |
| 16:27 | Crear | Archer |
| 16:27 | Crear | Archer |
| 16:27 | Crear | Archer |
| 16:27 | Crear | Archer |
| 16:36 | Crear | Spearman |
| 16:48 | Crear | Villager (Male) |
| 17:13 | Construir | Blacksmith |
| 17:50 | Investigar | Castle Age |
| 18:01 | Construir | House |
| 18:01 | Construir | House |
| 18:02 | Construir | House |
| 18:02 | Construir | House |
| 18:03 | Construir | House |
| 18:03 | Construir | House |
| 18:03 | Construir | House |
| 18:03 | Construir | House |
| 18:04 | Construir | House |
| 18:05 | Construir | House |
| 18:05 | Construir | House |
| 18:06 | Construir | House |
| 18:06 | Construir | House |
| 18:10 | Crear | Archer |
| 18:10 | Crear | Archer |
| 18:34 | Investigar | Man-at-Arms (upgrade) |
| 18:43 | Construir | Archery Range |
| 18:59 | Construir | Farm |
| 19:10 | Investigar | Padded Archer Armor |
| 19:17 | Construir | Farm |
| 19:19 | Construir | Farm |
| 19:43 | Crear | Militia |
| 19:43 | Crear | Militia |
| 20:09 | Construir | Archery Range |
| 20:21 | Construir | Watch Tower |
| 20:31 | Investigar | Fletching |
| 20:37 | Crear | Archer |
| 20:37 | Crear | Archer |
| 20:38 | Crear | Archer |
| 20:41 | Crear | Villager (Male) |
| 20:42 | Crear | Villager (Male) |
| 20:52 | Crear | Archer |
| 20:52 | Crear | Archer |
| 22:20 | Construir | Castle |
| 22:31 | Crear | Villager (Male) |
| 22:31 | Crear | Villager (Male) |
| 22:44 | Crear | Archer |
| 22:44 | Crear | Archer |
| 23:00 | Crear | Archer |
| 23:00 | Crear | Archer |
| 23:00 | Crear | Archer |
| 23:04 | Investigar | Forging |
| 23:21 | Crear | Longbowman |
| 23:37 | Crear | Longbowman |
| 23:37 | Crear | Longbowman |
| 24:06 | Construir | University |
| 24:32 | Crear | Longbowman |
| 24:32 | Crear | Longbowman |
| 24:32 | Crear | Longbowman |
| 24:40 | Investigar | Bodkin Arrow |
| 24:50 | Crear | Longbowman |
| 24:50 | Crear | Longbowman |
| 25:32 | Crear | Longbowman |
| 25:32 | Crear | Longbowman |
| 25:32 | Crear | Longbowman |
| 25:45 | Crear | Archer |
| 25:45 | Crear | Archer |
| 25:45 | Crear | Archer |
| 26:04 | Investigar | Masonry |
| 26:20 | Investigar | Gambesons |
| 26:26 | Construir | Farm |
| 26:56 | Crear | Longbowman |
| 26:56 | Crear | Longbowman |
| 26:56 | Crear | Longbowman |
| 27:13 | Crear | Skirmisher |
| 27:13 | Crear | Skirmisher |
| 27:23 | Construir | Stone Wall |
| 27:59 | Construir | Stone Wall |
| 28:11 | Construir | Watch Tower |
| 28:41 | Investigar | Ballistics |
Build order — 人老手不慢
Primeras 150 de 353 acciones detectadas
| 0:03 | Crear | Villager (Male) ×4 |
| 0:03 | Crear | Villager (Male) ×4 |
| 0:08 | Construir | House |
| 0:13 | Construir | House |
| 1:38 | Crear | Villager (Male) |
| 1:39 | Crear | Villager (Male) |
| 2:15 | Crear | Villager (Male) |
| 2:15 | Crear | Villager (Male) |
| 2:26 | Crear | Villager (Male) |
| 2:27 | Crear | Villager (Male) |
| 2:51 | Crear | Villager (Male) |
| 2:52 | Crear | Villager (Male) |
| 3:02 | Crear | Villager (Male) |
| 3:02 | Crear | Villager (Male) |
| 3:12 | Construir | House |
| 3:35 | Crear | Villager (Male) |
| 3:36 | Crear | Villager (Male) |
| 3:47 | Crear | Villager (Male) |
| 4:02 | Construir | Mill |
| 4:40 | Crear | Villager (Male) |
| 4:41 | Crear | Villager (Male) |
| 4:41 | Crear | Villager (Male) |
| 4:41 | Crear | Villager (Male) |
| 5:21 | Construir | Lumber Camp |
| 5:24 | Crear | Villager (Male) |
| 5:25 | Crear | Villager (Male) |
| 5:32 | Construir | House |
| 5:39 | Crear | Villager (Male) |
| 5:40 | Crear | Villager (Male) |
| 6:18 | Crear | Villager (Male) |
| 6:18 | Crear | Villager (Male) |
| 6:19 | Crear | Villager (Male) |
| 6:19 | Crear | Villager (Male) |
| 6:19 | Crear | Villager (Male) |
| 6:39 | Crear | Villager (Male) |
| 6:40 | Crear | Villager (Male) |
| 6:55 | Crear | Villager (Male) |
| 7:07 | Crear | Villager (Male) |
| 7:07 | Crear | Villager (Male) |
| 7:22 | Construir | Mining Camp |
| 7:30 | Investigar | Loom |
| 7:31 | Crear | Villager (Male) |
| 7:31 | Crear | Villager (Male) |
| 7:44 | Construir | House |
| 7:49 | Crear | Villager (Male) |
| 7:49 | Crear | Villager (Male) |
| 7:50 | Crear | Villager (Male) |
| 7:50 | Crear | Villager (Male) |
| 8:24 | Construir | Farm |
| 9:09 | Construir | Farm |
| 9:32 | Investigar | Feudal Age |
| 9:52 | Construir | Farm |
| 10:17 | Construir | Farm |
| 10:46 | Construir | Farm |
| 12:20 | Edad | Edad Feudal |
| 12:22 | Investigar | Castle Age |
| 12:27 | Construir | Farm |
| 12:34 | Construir | Farm |
| 12:53 | Construir | House |
| 12:57 | Investigar | Double-Bit Axe |
| 13:02 | Investigar | Horse Collar |
| 13:41 | Construir | House |
| 14:21 | Crear | Villager (Male) |
| 14:22 | Crear | Villager (Male) |
| 14:22 | Crear | Villager (Male) |
| 14:28 | Investigar | Wheelbarrow |
| 15:02 | Edad | Edad de los Castillos |
| 15:15 | Construir | Town Center |
| 15:27 | Construir | Town Center |
| 15:36 | Investigar | Bow Saw |
| 15:57 | Construir | Monastery |
| 16:24 | Crear | Villager (Male) |
| 16:24 | Crear | Villager (Male) |
| 16:45 | Construir | House |
| 16:47 | Crear | Monk |
| 17:00 | Crear | Villager (Male) |
| 17:07 | Construir | Farm |
| 17:14 | Construir | Farm |
| 17:22 | Construir | Farm |
| 17:29 | Crear | Villager (Male) |
| 17:29 | Crear | Villager (Male) |
| 17:37 | Crear | Villager (Male) ×5 |
| 17:37 | Crear | Villager (Male) ×5 |
| 17:49 | Construir | Town Center |
| 17:54 | Crear | Villager (Male) |
| 17:54 | Crear | Villager (Male) |
| 18:13 | Crear | Villager (Male) |
| 18:13 | Crear | Villager (Male) |
| 18:14 | Crear | Villager (Male) |
| 18:31 | Crear | Villager (Male) |
| 18:47 | Crear | Villager (Male) |
| 18:47 | Crear | Villager (Male) |
| 19:00 | Crear | Villager (Male) |
| 19:01 | Crear | Villager (Male) |
| 19:07 | Construir | Farm |
| 19:09 | Construir | Farm |
| 19:10 | Construir | Farm |
| 19:15 | Crear | Villager (Male) |
| 19:15 | Crear | Villager (Male) |
| 19:22 | Crear | Villager (Male) |
| 19:29 | Construir | Town Center |
| 19:45 | Crear | Villager (Male) ×2 |
| 19:45 | Crear | Villager (Male) ×2 |
| 19:45 | Crear | Villager (Male) ×2 |
| 20:08 | Construir | Stable |
| 20:31 | Crear | Villager (Male) ×4 |
| 20:31 | Crear | Villager (Male) ×4 |
| 20:32 | Crear | Villager (Male) ×4 |
| 20:40 | Construir | Farm |
| 20:41 | Construir | Farm |
| 20:42 | Construir | Farm |
| 20:48 | Crear | Villager (Male) ×2 |
| 20:49 | Crear | Villager (Male) ×2 |
| 20:56 | Construir | House |
| 20:57 | Construir | House |
| 20:58 | Construir | House |
| 20:59 | Construir | House |
| 21:18 | Construir | Farm |
| 21:19 | Construir | Farm |
| 21:20 | Construir | Farm |
| 21:26 | Crear | Villager (Male) ×4 |
| 21:27 | Crear | Villager (Male) ×4 |
| 21:46 | Crear | Villager (Male) ×2 |
| 21:46 | Crear | Villager (Male) ×2 |
| 21:52 | Construir | Farm |
| 22:01 | Crear | Villager (Male) ×2 |
| 22:01 | Crear | Villager (Male) ×2 |
| 22:01 | Crear | Villager (Male) ×2 |
| 22:07 | Crear | Villager (Male) |
| 22:08 | Crear | Villager (Male) |
| 22:18 | Construir | Farm |
| 22:19 | Construir | Farm |
| 22:20 | Construir | Farm |
| 22:20 | Construir | Farm |
| 22:21 | Construir | Farm |
| 22:26 | Crear | Villager (Male) ×2 |
| 22:27 | Crear | Villager (Male) ×2 |
| 22:28 | Crear | Villager (Male) |
| 22:28 | Crear | Villager (Male) |
| 22:29 | Crear | Villager (Male) |
| 22:37 | Construir | House |
| 22:38 | Construir | House |
| 22:42 | Construir | House |
| 22:43 | Construir | House |
| 22:44 | Construir | House |
| 22:58 | Crear | Villager (Male) ×4 |
| 22:58 | Crear | Villager (Male) ×4 |
| 22:58 | Crear | Villager (Male) ×4 |
| 22:59 | Crear | Villager (Male) |
| 22:59 | Crear | Villager (Male) |
Build order — 大笔都
Primeras 150 de 360 acciones detectadas
| 0:02 | Construir | House |
| 0:03 | Construir | House |
| 0:04 | Crear | Villager (Male) |
| 0:04 | Crear | Villager (Male) |
| 0:04 | Crear | Villager (Male) |
| 0:05 | Crear | Villager (Male) |
| 0:05 | Crear | Villager (Male) |
| 1:32 | Crear | Villager (Male) |
| 1:32 | Crear | Villager (Male) |
| 1:58 | Crear | Villager (Male) |
| 2:12 | Crear | Villager (Male) |
| 2:49 | Crear | Villager (Male) |
| 3:10 | Construir | House |
| 3:17 | Crear | Villager (Male) |
| 3:17 | Crear | Villager (Male) |
| 4:33 | Crear | Villager (Male) |
| 4:33 | Crear | Villager (Male) |
| 4:33 | Crear | Villager (Male) |
| 4:56 | Construir | Lumber Camp |
| 5:09 | Crear | Villager (Male) |
| 5:09 | Crear | Villager (Male) |
| 5:48 | Crear | Villager (Male) |
| 5:48 | Crear | Villager (Male) |
| 5:48 | Crear | Villager (Male) |
| 5:48 | Crear | Villager (Male) |
| 7:29 | Crear | Villager (Male) |
| 7:33 | Construir | Mill |
| 8:08 | Investigar | Feudal Age |
| 9:16 | Investigar | Double-Bit Axe |
| 10:18 | Edad | Edad Feudal |
| 10:24 | Construir | Market |
| 10:35 | Construir | Blacksmith |
| 10:38 | Crear | Villager (Male) |
| 10:39 | Crear | Villager (Male) |
| 11:08 | Construir | House |
| 11:10 | Construir | House |
| 11:13 | Crear | Villager (Male) |
| 11:15 | Crear | Villager (Male) |
| 11:37 | Crear | Villager (Male) |
| 12:50 | Construir | Farm |
| 12:52 | Construir | Farm |
| 12:53 | Construir | Farm |
| 12:53 | Construir | Farm |
| 12:54 | Construir | Farm |
| 12:55 | Investigar | Castle Age |
| 12:55 | Investigar | Castle Age |
| 13:18 | Construir | Farm |
| 14:42 | Crear | Villager (Male) |
| 14:42 | Crear | Villager (Male) |
| 14:43 | Crear | Villager (Male) |
| 14:53 | Crear | Villager (Male) |
| 15:35 | Edad | Edad de los Castillos |
| 15:45 | Construir | Town Center |
| 16:28 | Construir | Town Center |
| 17:02 | Crear | Villager (Male) |
| 17:02 | Crear | Villager (Male) |
| 17:02 | Crear | Villager (Male) |
| 17:03 | Crear | Villager (Male) |
| 17:39 | Construir | Farm |
| 17:42 | Construir | Farm |
| 17:49 | Construir | Farm |
| 17:50 | Crear | Villager (Male) |
| 17:51 | Crear | Villager (Male) |
| 17:51 | Crear | Villager (Male) |
| 17:51 | Crear | Villager (Male) |
| 17:52 | Crear | Villager (Male) |
| 17:54 | Crear | Villager (Male) |
| 17:54 | Crear | Villager (Male) |
| 17:54 | Crear | Villager (Male) |
| 17:54 | Crear | Villager (Male) |
| 18:36 | Crear | Villager (Male) |
| 19:00 | Construir | Farm |
| 19:00 | Construir | Farm |
| 19:00 | Construir | Farm |
| 19:02 | Construir | Farm |
| 19:06 | Crear | Villager (Male) |
| 19:07 | Crear | Villager (Male) |
| 19:07 | Crear | Villager (Male) |
| 19:27 | Crear | Villager (Male) |
| 19:27 | Crear | Villager (Male) |
| 19:27 | Crear | Villager (Male) |
| 19:38 | Construir | House |
| 19:58 | Crear | Villager (Male) |
| 19:58 | Crear | Villager (Male) |
| 19:59 | Crear | Villager (Male) |
| 20:11 | Construir | House |
| 20:14 | Construir | House |
| 20:15 | Construir | House |
| 20:18 | Crear | Villager (Male) |
| 20:19 | Crear | Villager (Male) |
| 20:19 | Crear | Villager (Male) |
| 20:41 | Construir | Farm |
| 20:41 | Construir | Farm |
| 20:41 | Construir | Farm |
| 20:42 | Construir | Farm |
| 20:48 | Crear | Villager (Male) |
| 20:48 | Crear | Villager (Male) |
| 20:48 | Crear | Villager (Male) |
| 21:19 | Crear | Villager (Male) |
| 21:20 | Crear | Villager (Male) |
| 21:20 | Crear | Villager (Male) |
| 21:20 | Crear | Villager (Male) |
| 21:24 | Construir | House |
| 21:34 | Construir | Farm |
| 21:34 | Construir | Farm |
| 21:35 | Construir | Farm |
| 21:35 | Construir | Farm |
| 21:35 | Construir | Farm |
| 21:35 | Construir | Farm |
| 21:36 | Construir | Farm |
| 21:40 | Crear | Villager (Male) |
| 21:43 | Crear | Villager (Male) |
| 21:43 | Crear | Villager (Male) |
| 21:48 | Crear | Villager (Male) |
| 21:49 | Crear | Villager (Male) |
| 21:57 | Crear | Villager (Male) |
| 21:57 | Crear | Villager (Male) |
| 22:02 | Construir | Farm |
| 22:03 | Construir | Farm |
| 22:04 | Construir | Farm |
| 22:06 | Crear | Villager (Male) |
| 22:06 | Crear | Villager (Male) |
| 22:13 | Construir | House |
| 22:14 | Construir | House |
| 22:16 | Construir | House |
| 22:18 | Construir | House |
| 22:25 | Construir | Farm |
| 22:26 | Construir | Farm |
| 22:33 | Crear | Villager (Male) |
| 22:33 | Crear | Villager (Male) |
| 22:33 | Crear | Villager (Male) |
| 22:34 | Crear | Villager (Male) |
| 23:08 | Crear | Villager (Male) |
| 23:09 | Crear | Villager (Male) |
| 23:09 | Crear | Villager (Male) |
| 23:09 | Crear | Villager (Male) |
| 23:10 | Crear | Villager (Male) |
| 23:14 | Construir | Farm |
| 23:14 | Construir | Farm |
| 23:19 | Investigar | Horse Collar |
| 23:21 | Crear | Villager (Male) |
| 23:21 | Crear | Villager (Male) |
| 23:23 | Crear | Villager (Male) |
| 23:42 | Construir | Monastery |
| 23:54 | Crear | Villager (Male) |
| 23:55 | Crear | Villager (Male) |
| 23:55 | Crear | Villager (Male) |
| 23:55 | Crear | Villager (Male) |
| 23:55 | Crear | Villager (Male) |
| 24:11 | Crear | Villager (Male) |
Cronología de la partida
| 9:20 | bilobedbeast101 · wall_segment Palisade Wall x1 |
| 9:22 | bilobedbeast101 · wall_segment Palisade Wall x1 |
| 9:26 | bilobedbeast101 · wall_segment Palisade Wall x1 |
| 9:28 | bilobedbeast101 · wall_segment Palisade Wall x1 |
| 9:29 | bilobedbeast101 · wall_segment Palisade Wall x1 |
| 9:29 | bilobedbeast101 · wall_segment Palisade Wall x1 |
| 9:55 | quiet_squirrel22 · first_building Barracks |
| 10:18 | 大笔都 · age_up feudal |
| 10:41 | bilobedbeast101 · age_up feudal |
| 12:01 | nicolunabustelo · age_up feudal |
| 12:20 | 人老手不慢 · age_up feudal |
| 12:36 | 大笔都 · first_market_sell 100 wood |
| 12:42 | Jeandecorrouge · age_up feudal |
| 12:46 | quiet_squirrel22 · age_up feudal |
| 12:47 | agusslunn · age_up feudal |
| 12:52 | REYJAGUAR4660 · first_building Barracks |
| 14:12 | bilobedbeast101 · age_up castle |
| 14:37 | nicolunabustelo · first_building Barracks |
| 15:02 | 人老手不慢 · age_up castle |
| 15:10 | REYJAGUAR4660 · first_building Archery Range |
| 15:35 | 大笔都 · age_up castle |
| 15:49 | Jeandecorrouge · first_building Barracks |
| 15:57 | 人老手不慢 · first_building Monastery |
| 16:01 | nicolunabustelo · first_building Archery Range |
| 16:17 | agusslunn · age_up castle |
| 16:27 | quiet_squirrel22 · age_up castle |
| 16:34 | Jeandecorrouge · age_up castle |
| 16:36 | quiet_squirrel22 · first_building Castle |
| 17:29 | nicolunabustelo · first_building Stable |
| 17:29 | REYJAGUAR4660 · first_market_buy 100 food |
| 17:33 | REYJAGUAR4660 · first_market_sell 100 stone |
| 17:51 | quiet_squirrel22 · first_market_buy 100 wood |
| 17:51 | agusslunn · first_building Barracks |
| 18:31 | Jeandecorrouge · first_market_buy 100 wood |
| 18:38 | nicolunabustelo · age_up castle |
| 19:09 | Jeandecorrouge · first_building Stable |
| 19:39 | Jeandecorrouge · wall_segment Palisade Wall x7 |
| 19:41 | Jeandecorrouge · wall_segment Palisade Wall x3 |
| 20:04 | Jeandecorrouge · wall_segment Palisade Wall x1 |
| 20:08 | 人老手不慢 · first_building Stable |
| 21:13 | nicolunabustelo · first_building Siege Workshop |
| 22:18 | bilobedbeast101 · first_building Monastery |
| 22:20 | REYJAGUAR4660 · first_building Castle |
| 22:34 | agusslunn · first_building Siege Workshop |
| 22:43 | Jeandecorrouge · tribute_sent a jugador 1 |
| 22:43 | Jeandecorrouge · tribute_sent a jugador 3 |
| 22:43 | Jeandecorrouge · tribute_sent a jugador 4 |
| 22:43 | Jeandecorrouge · tribute_sent a jugador 5 |
| 22:43 | Jeandecorrouge · tribute_sent a jugador 6 |
| 22:43 | Jeandecorrouge · tribute_sent a jugador 7 |
| 22:43 | Jeandecorrouge · tribute_sent a jugador 8 |
| 22:53 | agusslunn · first_building Castle |
| 23:28 | agusslunn · first_market_sell 100 food |
| 23:42 | 大笔都 · first_building Monastery |
| 24:26 | 人老手不慢 · first_building Castle |
| 25:27 | Jeandecorrouge · first_building Monastery |
| 25:30 | bilobedbeast101 · first_building Castle |
| 26:36 | bilobedbeast101 · first_building Barracks |
| 26:37 | 大笔都 · first_building Castle |
| 27:23 | REYJAGUAR4660 · wall_segment Stone Wall x1 |
| 27:42 | quiet_squirrel22 · wall_segment Stone Wall x1 |
| 27:43 | quiet_squirrel22 · wall_segment Stone Wall x1 |
| 27:43 | quiet_squirrel22 · wall_segment Stone Wall x1 |
| 27:44 | quiet_squirrel22 · wall_segment Stone Wall x1 |
| 27:53 | agusslunn · first_building Krepost |
| 27:59 | REYJAGUAR4660 · wall_segment Stone Wall x5 |
| 28:00 | bilobedbeast101 · first_market_sell 500 wood |
| 28:41 | 人老手不慢 · first_building Siege Workshop |
| 29:06 | Jeandecorrouge · first_building Siege Workshop |
| 29:16 | 大笔都 · first_building Barracks |
| 29:24 | REYJAGUAR4660 · wall_segment Stone Wall x5 |
| 29:49 | Jeandecorrouge · wall_segment Palisade Wall x17 |
| 29:54 | Jeandecorrouge · wall_segment Palisade Wall x13 |
| 30:46 | Jeandecorrouge · first_building Castle |
| 31:10 | quiet_squirrel22 · first_market_sell 500 wood |
| 31:10 | Jeandecorrouge · age_up imperial |
| 31:16 | 人老手不慢 · age_up imperial |
| 31:50 | REYJAGUAR4660 · first_building Monastery |
| 32:23 | 大笔都 · first_building Stable |
| 32:41 | agusslunn · age_up imperial |
| 32:42 | quiet_squirrel22 · age_up imperial |
| 32:47 | bilobedbeast101 · age_up imperial |
| 32:58 | agusslunn · tribute_sent a jugador 1 |
| 32:58 | agusslunn · tribute_sent a jugador 2 |
| 32:58 | agusslunn · tribute_sent a jugador 3 |
| 32:58 | agusslunn · tribute_sent a jugador 5 |
| 32:58 | agusslunn · tribute_sent a jugador 6 |
| 32:58 | agusslunn · tribute_sent a jugador 7 |
| 32:58 | agusslunn · tribute_sent a jugador 8 |
| 34:16 | REYJAGUAR4660 · wall_segment Stone Wall x6 |
| 35:00 | Jeandecorrouge · first_market_sell 500 stone |
| 35:01 | nicolunabustelo · first_building Monastery |
| 35:12 | nicolunabustelo · first_building Castle |
| 35:55 | bilobedbeast101 · wall_segment Palisade Wall x1 |
| 37:10 | Jeandecorrouge · wall_segment Palisade Wall x15 |
| 37:55 | 大笔都 · age_up imperial |
| 39:46 | nicolunabustelo · age_up imperial |
| 41:19 | REYJAGUAR4660 · first_building Stable |
| 42:12 | nicolunabustelo · resign |
[ ANÁLISIS IA · 1 CRÉDITO ]
¿Qué pasó realmente en esta partida?
Wolo.gg analiza cada decisión: build order, eco, micro, errores típicos por bracket. Análisis personalizado por WhatsApp o Discord en 30 segundos.
Guía civ
Bizantinos
Perfil
Jugador #24905499